 Dungeon Crawl Stone Soup version 0.28.0-43-g3370ac3207 (webtiles) character file.

Game seed: 16643546402080666193

479 mortz the Conjurer (level 7, -2/47 HPs)
             Began as a Human Conjurer on Mar 4, 2022.
             Was an Initiate of Vehumet.
             Slain by Duvessa
             ... wielding a +0 short sword
              (13 damage)
             ... on level 4 of the Dungeon.
             The game lasted 00:27:18 (4283 turns).

mortz the Conjurer (Human Conjurer)                 Turns: 4283, Time: 00:27:19

Health: -2/47      AC:  8    Str:  7    XL:     7   Next: 33%
Magic:  0/12       EV: 15    Int: 21    God:    Vehumet [......]
Gold:   4          SH:  0    Dex: 11    Spells: 10/13 levels left

rFire   . . .      SeeInvis .   z - +2 dagger (elec) {short}
rCold   . . .      Faith    .   (no shield)
rNeg    . . .      Spirit   .   x - +0 leather armour
rPois   .          Reflect  .   (no helmet)
rElec   .          Harm     .   (no cloak)
rCorr   .          Rampage  .   (no gloves)
Will    .....                   f - +0 pair of boots
Stlth   ++........              (no amulet)
HPRegen 0.15/turn               e - +4 ring of evasion
MPRegen 0.13/turn               p - +4 ring of protection

@: no status effects
A: no striking features
a: Renounce Religion


You were on level 4 of the Dungeon.
You worshipped Vehumet.
Vehumet was noncommittal.
You visited 2 branches of the dungeon, and saw 5 of its levels.

You collected 64 gold pieces.
You spent 60 gold pieces at shops.


   Skills:
 + Level 0.4 Fighting
 * Level 1.7 Short Blades
 - Level 0.8 Polearms
 + Level 1.4 Armour
 + Level 2.4 Dodging
 + Level 2.6 Stealth
 + Level 3.6 Spellcasting
 + Level 6.4 Conjurations


You had 10 spell levels left.
You knew the following spells:

 Your Spells              Type           Power      Damage    Failure   Level
a - Magic Dart            Conj           100%       1d8       1%          1
b - Searing Ray           Conj           60%        2d6       1%          2

Your spell library contained the following spells:

 Spells                   Type           Power      Damage    Failure   Level
 Dazzling Flash           Conj/Hex       34%        N/A       14%         3
 Fulminant Prism          Conj/Hex       8%         3d7       43%         4
 Iskenderun's Mystic Bla  Conj/Tloc      17%        2d5       43%         4

Inventory:

Hand Weapons
 d - a +0 trident {polearm}
   (You found it on level 1 of the Dungeon)
 h - a +0 short sword {short}
   (You took it off a kobold on level 1 of the Dungeon)
 z - a +2 dagger of electrocution (weapon) {short}
   (You took it off a kobold on level 3 of the Dungeon)
Missiles
 b - 105 stones {throwing}
 s - 18 bolts
 u - a throwing net {=f!fthrowing}
Armour
 f - a +0 pair of boots (worn)
   (You found it on level 1 of the Dungeon)
 g - a +0 ring mail
   (You found it on level 1 of the Dungeon)
 t - a +0 chain mail
   (You took it off an orc priest on level 3 of the Dungeon)
 x - a +0 leather armour (worn)
   (You found it on level 3 of the Dungeon)
Magical Staves
 c - a staff of death {!astaff}
   (You found it on level 1 of the Dungeon)
 q - a staff of air {!astaff}
   (You found it on level 2 of the Dungeon)
Jewellery
 e - a +4 ring of evasion (left hand)
   (You found it on level 1 of the Dungeon)
 i - a ring of flight
   (You found it on level 1 of the Dungeon)
 p - a +4 ring of protection (right hand)
   (You found it on level 2 of the Dungeon)
Scrolls
 a - a scroll of magic mapping {!r}
 k - 2 scrolls of teleportation {@r4}
 m - 2 scrolls of amnesia {unknown}
 n - a scroll of brand weapon {unknown}
 v - a scroll of noise {unknown}
 y - 2 scrolls of enchant weapon
Potions
 j - a potion of might {unknown}
 l - 3 potions of curing {@q1}
 o - a potion of ambrosia {unknown}
 r - a potion of brilliance {unknown}
 w - a potion of haste {unknown}
 A - a potion of magic {unknown}
 B - a potion of heal wounds {unknown}

Dungeon Overview and Level Annotations

Branches:
Dungeon (4/15)             Temple (1/1) D:4

Altars:
Ashenzari
Cheibriados
Dithmenos
Elyvilon
Fedhas
Gozag
Hepliaklqana
Kikubaaqudgha
Makhleb
Nemelex Xobeh
Qazlal
Ru
Sif Muna
Trog
Uskayaw
Vehumet
Wu Jian
Xom
Yredelemnul
Zin
The Shining One

Shops:
D:3 [![?

Annotations:
D:4 Duvessa, Ijyb

...................#....
......>...#......#......
...†..(...####....#.....
.#.#.#....# #.......###
..........# ###.##....#
.....#....# #..#..#.##
........### #........# ..
.>...#...##### #...###..### ..#
...............#@######...####.##
.....#.#..# #.#e#>.............#
........# #......†...).......#
.#.#.#..#######.................#
........#.......................#
..........#.######..............#
........#...# #<......#......#
..........### ##########......
########### #......


You could see Duvessa (berserk).


Message History

The water moccasin closely misses you. 😕 HP[+1] MP[-1]
You lost 1 mp, and now have 7/12 mp.
Casting: Searing Ray (safe; 2% risk of failure)
Confirm with . or Enter, or press ? or * to list all spells.
Aiming: Searing Ray (safe; 2% risk of failure)
Press: ? - help, Shift-Dir - straight line, f/p - water moccasin
Aim: a water moccasin (almost dead, 66% to hit)
The searing ray hits the water moccasin!
You kill the water moccasin!
Vehumet accepts your kill. (Press . to maintain the ray.) 😕 HP[+1] MP[-2]
You now have 47 max hp (+1).
You lost 2 mp, and now have 5/12 mp.
You start resting. 😕 HP[+7] MP[+7]
You regained 7 hp, and now have 43/47 hp.
Your mp is fully restored (12).
You start resting. 😎 HP[+4]
Your hp is fully restored (47).
Duvessa goes berserk!
Aiming: Magic Dart (safe; 1% risk of failure)
Press: ? - help, Q - select action, (/) - cycle Shift-Dir - straight line, f - Duvessa
Aim: Duvessa, wielding a +0 short sword and wearing a +0 scale mail (berserk, 100% to hit)
The magic dart hits Duvessa.
You hear a shout! 😎 MP[-1]
You lost 1 mp, and now have 11/12 mp.
Casting: Magic Dart (safe; 1% risk of failure)
Confirm with . or Enter, or press ? or * to list all spells.
Aiming: Searing Ray (safe; 1% risk of failure)
Press: ? - help, Shift-Dir - straight line, f/p - Duvessa
Aim: Duvessa, wielding a +0 short sword and wearing a +0 scale mail (lightly wounded, berserk, 85% to hit)
The searing ray hits Duvessa. (Press . to maintain the ray.) 😎 MP[-2]
You lost 2 mp, and now have 9/12 mp.
The searing ray hits Duvessa. 😎 MP[-1]
You lost 1 mp, and now have 8/12 mp.
The searing ray hits Duvessa.
Duvessa misses you. 😎 MP[-1]
You lost 1 mp, and now have 7/12 mp.
The searing ray hits Duvessa!
You finish channelling your searing ray.
Duvessa barely misses you. Duvessa misses you. 😎 MP[-1]
You lost 1 mp, and now have 6/12 mp.
Casting: Searing Ray (safe; 1% risk of failure)
Confirm with . or Enter, or press ? or * to list all spells.
Aiming: Searing Ray (safe; 1% risk of failure)
Press: ? - help, Shift-Dir - straight line, f/p - Duvessa
Aim: Duvessa, wielding a +0 short sword and wearing a +0 scale mail (heavily wounded, berserk, 85% to hit)
The searing ray misses Duvessa. (Press . to maintain the ray.)
The endoplasm quivers.
Duvessa hits you with a +0 short sword! 😕 HP[-11] MP[-2]
You take 11 damage, and now have 36/47 hp.
MASSIVE DAMAGE!! (PAUSE)
You lost 2 mp, and now have 4/12 mp.
The searing ray hits Duvessa.
The searing ray hits the endoplasm!
You kill the endoplasm!
Vehumet accepts your kill. Duvessa barely misses you.
Duvessa misses you. 😕 MP[-1]
You lost 1 mp, and now have 3/12 mp.
The searing ray hits Duvessa.
Duvessa hits you with a +0 short sword. 😮 HP[-5]
You take 5 damage, and now have 31/47 hp.
The searing ray hits Duvessa.
You finish channelling your searing ray.
Duvessa closely misses you. Duvessa hits you with a +0 short sword!
* * * LOW HITPOINT WARNING * * *
😨 HP[-9] MP[-1]
You take 9 damage, and now have 22/47 hp.
You lost 1 mp, and now have 2/12 mp.
Casting: Searing Ray (safe; 1% risk of failure)
Confirm with . or Enter, or press ? or * to list all spells.
Aiming: Searing Ray (safe; 1% risk of failure)
Press: ? - help, Shift-Dir - straight line, f/p - Duvessa
Aim: Duvessa, wielding a +0 short sword and wearing a +0 scale mail (severely wounded, berserk, 85% to hit)
The searing ray hits Duvessa but does no damage.
The searing ray hits the quokka.
You kill the quokka!
Vehumet accepts your kill. (Press . to maintain the ray.) Duvessa hits you with a +0 short sword.
* * * LOW HITPOINT WARNING * * *
😨 HP[-3] MP[-2]
You take 3 damage, and now have 19/47 hp.
You lost 2 mp, and now have 0/12 mp.
You hit Duvessa. Duvessa completely misses you.
Duvessa hits you with a +0 short sword!
* * * LOW HITPOINT WARNING * * *
😱 HP[-9]
You take 9 damage, and now have 10/47 hp.
Duvessa hits you with a +0 short sword!
You die...

Skill      XL: |  1  2  3  4  5  6 |
---------------+-------------------+-----
Conjurations   | 5 6 |  6.4
Spellcasting   | 3 |  3.6
Short Blades   | 1 |  1.7
Armour         | 1 |  1.4
Fighting       | |  0.4
Polearms       | |  0.8
Dodging        | |  2.4
Stealth        | |  2.6

Action                   |  1- 3 |  4- 6 |  7- 9 || total
-------------------------+-------+-------+-------++-------
Melee: Trident           |     6 |       |       ||     6
       Dagger            |       |       |     1 ||     1
 Cast: Magic Dart        |    32 |    42 |     1 ||    75
       Searing Ray       |     6 |    25 |     5 ||    36
  Use: Scroll            |       |     3 |       ||     3
Armor: Robe              |       |     2 |       ||     2
       Leather armour    |       |     2 |       ||     2
Dodge: Dodged            |     3 |    22 |     9 ||    34

Levels and vault maps discovered:
D:1:      heliophobic_arrival_glass_houses, layout_basic, minivault_5,
          wad_floor_pattern_2, chequers_decorated_corner, minmay_crystal_water,
          minivault_24
D:2:      layout_loops_ring
D:3:      layout_rooms, chequers_ecumenical_altar_simple, serial_shops, shop,
          nicolae_shop_behind_doors, shop_statue, shop, nicolae_shop_statue_plus
D:4:      layout_rooms, minmay_temple_entry_glass, minmay_misc_feat_square,
          uniq_ijyb, uniq_duvessa
Temple:   compressed_dpeg_circular_temple

Notes
Turn   | Place    | Note
-------+----------+-------------------------------------------
     0 | D:1      | mortz the Human Conjurer began the quest for the Orb.
     0 | D:1      | Reached XP level 1. HP: 13/13 MP: 3/3
     0 | D:1      | magus.rc [v1.9.6]
   204 | D:1      | Reached XP level 2. HP: 19/19 MP: 0/5
   260 | D:1      | Learned a level 2 spell: Searing Ray
   995 | D:1      | Reached XP level 3. HP: 24/24 MP: 4/6
  1122 | D:1      | You are sucked into a shaft and drop 1 floor!
  1125 | D:2      | Reached skill level 5 in Conjurations
  1237 | D:2      | Reached XP level 4. HP: 30/30 MP: 3/7
  2353 | D:2      | Reached XP level 5. HP: 35/35 MP: 2/8
  2844 | D:3      | Found Huecuy's Distillery.
  2846 | D:3      | Found Bish's Antique Armour Shop.
  2990 | D:3      | Bought a potion of curing for 36 gold pieces
  3065 | D:3      | Found Oliysed's Antique Armour Shoppe.
  3266 | D:3      | Found a faded altar of an unknown god.
  3304 | D:3      | Reached skill level 6 in Conjurations
  3304 | D:3      | Reached XP level 6. HP: 41/41 MP: 6/10
  3337 | D:3      | Found Huzaosu's Magic Scroll Shoppe.
  3390 | D:3      | Bought a scroll of identify for 24 gold pieces
  3403 | D:3      | Found Lebluyce's Weapon Boutique.
  3501 | D:4      | Noticed Ijyb
  3501 | D:4      | Noticed a water moccasin
  3501 | D:4      | Noticed an ogre
  3576 | D:4      | Reached skill level 3 in Spellcasting
  3702 | D:4      | Found a staircase to the Ecumenical Temple.
  3722 | D:4      | Noticed Duvessa
  3722 | D:4      | Noticed Dowan
  3745 | D:3      | Reached skill level 1 in Short Blades
  3964 | Temple   | Entered the Ecumenical Temple
  3971 | Temple   | Became a worshipper of Vehumet
  4089 | D:4      | Killed Dowan
  4090 | D:4      | Reached skill level 1 in Armour
  4090 | D:4      | Reached XP level 7. HP: 36/46 MP: 3/12
  4176 | D:4      | Killed a water moccasin
  4281 | D:4      | HP: 10/47 [Duvessa/+0 short sword (9)]
  4283 | D:4      | Slain by Duvessa

Vanquished Creatures
  A water moccasin (D:4)
  A scorpion (D:4)
  A bullfrog (D:3)
  Dowan (D:4)
  A centaur skeleton (D:2)
  An orc priest (D:3)
  A gnoll (D:1)
  5 adders
  4 worms
  2 dart slugs
  4 orcs (D:3)
  6 bats
  8 endoplasms
  A giant cockroach (D:2)
  7 goblins
  4 hobgoblins
  5 kobolds
  3 quokkas
  5 ball pythons
  4 frilled lizards (D:1)
  3 rats
68 creatures vanquished.

Table legend:
 A = Non-vault XP
 B = Vault XP
 C = Vault XP percentage of total XP
 D = Non-vault monster count
 E = Vault monster count
 F = Vault count percentage of total count
                 A         B        C        D         E       F
            +---------+---------+-------+---------+---------+-------
      Total |     619 |      66 |   9.6 |      67 |       1 |   1.5
            +---------+---------+-------+---------+---------+-------
        D:1 |      53 |       0 |   0.0 |      23 |       0 |   0.0
        D:2 |     115 |       0 |   0.0 |      17 |       0 |   0.0
        D:3 |     197 |       0 |   0.0 |      22 |       0 |   0.0
        D:4 |     254 |      66 |  20.6 |       5 |       1 |  16.7
            +---------+---------+-------+---------+---------+-------

Illustrated notes

Table legend:
 A = Kills in this place as a percentage of kills in entire the game.
 B = Kills by you in this place as a percentage of kills by you in the entire game.
 C = Kills by friends in this place as a percentage of kills by friends in the entire game.
 D = Other kills in this place as a percentage of other kills in the entire game.
 E = Experience gained in this place as a percentage of experience gained in the entire game.
 F = Experience gained in this place divided by the number of levels of this place that you have seen.
                   A       B       C       D       E      F
               +-------+-------+-------+-------+-------+----------------------
         Total | 100.0 | 100.0 |   N/A |   N/A | 100.0 | 137.0
       Dungeon | 100.0 | 100.0 |   N/A |   N/A | 100.0 | 171.2
               +-------+-------+-------+-------+-------+----------------------

Table legend: (Time is in decaauts)
 A = Elapsed time spent in this place.
 B = Non-inter-level travel time spent in this place.
 C = Inter-level travel time spent in this place.
 D = Time resting spent in this place.
 E = Time spent auto-exploring this place.
 F = Levels seen in this place.
 G = Mean time per level.
                   A        B        C        D        E       F      G
               +--------+--------+--------+--------+--------+-----+--------+
         Total |   4286 |   4174 |    112 |   1822 |   1472 |   5 |  857.2 |
       Dungeon |   4202 |   4090 |    112 |   1822 |   1422 |   4 | 1050.5 |
        Temple |     83 |     83 |      0 |      0 |     50 |   1 |   83.0 |
               +--------+--------+--------+--------+--------+-----+--------+

Top non-repeatable levels by time:
     D:1: 1578 daAuts
     D:2: 1109 daAuts
     D:3: 1049 daAuts
     D:4: 465 daAuts
  Temple: 83 daAuts
